 Dungeon Crawl Stone Soup version 0.30-a0-830-gfe289a77b0 (webtiles) character file.

Game seed: 11675400036088688056

56 Nacht the Digger (level 3, -4/24 HPs)
             Began as a Demonspawn Earth Elementalist on Feb 28, 2023.
             Killed from afar by Terence (15 damage)
             ... with a bolt of dispelling energy
             ... on level 2 of the Dungeon.
             The game lasted 00:01:22 (1101 turns).

Nacht the Digger (Demonspawn Earth Elementalist)    Turns: 1101, Time: 00:01:22

Health: -4/24      AC:  5    Str:  8    XL:     3   Next: 69%
Magic:  3/6        EV: 12    Int: 18    God:
Gold:   82         SH:  0    Dex: 13    Spells: 0/6 levels left

rFire   . . .      SeeInvis .    (no weapon)
rCold   . . .      Faith    .    (no shield)
rNeg    . . .      Spirit   .    a - +0 robe
rPois   .          Reflect  .    (no helmet)
rElec   .          Harm     .    (no cloak)
rCorr   .          Rampage  .    (no gloves)
Will    .....                    e - +0 pair of boots
Stlth   ++                       (no amulet)
HPRegen 0.24/turn                (no ring)
MPRegen 0.10/turn                (no ring)

@: no status effects
A: icy blue scales 1, spiny 1
a: no special abilities


You were on level 2 of the Dungeon.
You visited 1 branch of the dungeon, and saw 2 of its levels.

You collected 82 gold pieces.

Inventory:

Armour
 a - a +0 robe (worn)
 e - a +0 pair of boots (worn)
Scrolls
 d - a scroll of blinking {unknown}
 f - a scroll of magic mapping {unknown}
 g - 2 scrolls of identify {unknown}
 h - a scroll of fear {unknown}
 j - a scroll of teleportation {unknown}
Potions
 b - a potion of magic
 c - a potion of might {unknown}
 i - a potion of degeneration {unknown}


   Skills:
 - Level 1.7 Dodging
 - Level 1.7 Stealth
 + Level 2.1 Spellcasting
 * Level 1.0 Conjurations
 - Level 0.8 Transmutations
 + Level 4.0 Earth Magic


You couldn't memorise any spells.
You knew the following spells:

 Your Spells              Type           Power      Damage    Failure   Level
a - Sandblast             Erth           32%        2d9       3%          1
b - Stone Arrow           Conj/Erth      22%        3d8       19%         3
w - Passwall              Tmut/Erth      8%         N/A       10%         2

Your spell library contained the following spells:

 Spells                   Type           Power      Damage    Failure   Level
 Petrify                  Tmut/Erth      10%        N/A       54%         4


Dungeon Overview and Level Annotations

Branches:
Dungeon (2/15)

Altars:

Annotations:
D:2 Terence


Innate Abilities, Weirdness & Mutations

You are partially covered in icy blue scales. (AC +2)
You are partially covered in sharp spines.


Message History

The blast of sand hits the worm!
The worm is heavily wounded.
The worm is struck by your spines. The worm barely misses you.
There is an open door here.
Casting: Sandblast (safe; 3% risk of failure)
Confirm with . or Enter, or press ? or * to list all spells.
Aiming: Sandblast (safe; 3% risk of failure)
Press: ? - help, Shift-Dir - straight line, f/p - worm
Aim: a worm (moderately wounded, 94% to hit)
The blast of sand hits the worm!
You kill the worm!
Casting: Sandblast (safe; 3% risk of failure)
Confirm with . or Enter, or press ? or * to list all spells.
You can't see any susceptible monsters within range! (Use Z to cast anyway.)
There is an open door here.
Casting: Sandblast (safe; 3% risk of failure)
Confirm with . or Enter, or press ? or * to list all spells.
Aiming: Sandblast (safe; 3% risk of failure)
Press: ? - help, Shift-Dir - straight line, f - quokka
Aim: a quokka (75% to hit)
The blast of sand hits the quokka!
You kill the quokka!
Your Conjurations skill increases to level 1!
Terence shouts!
An adder comes into view.
The adder moves out of view.
Terence hits you but does no damage.
Casting: Sandblast (safe; 3% risk of failure)
Confirm with . or Enter, or press ? or * to list all spells.
Aiming: Sandblast (safe; 3% risk of failure)
Press: ? - help, Shift-Dir - straight line, f - Terence
Aim: Terence, wielding a +2 trident of freezing, wearing a +0 scale mail and carrying a wand of quicksilver (10) (84% to hit)
The blast of sand hits Terence but does no damage.
The adder hisses angrily.
Terence hits you from afar with a +2 trident of freezing!
Terence freezes you. Terence shouts, "Now you die!"
Terence zaps a wand.
The bolt of dispelling energy hits you!
Ouch! That really hurt!
You die...

#......##.####
#......##.#...
###......##...#.
####.'......##.#.#.
#....#......##...#.
#.#######...######.
#######'#### #.###
#. ...........# .#
#. .###....@..# .#
#. #.......# ..
#.....S.# #.
..........@.
#######.......
##.###.#.. #.# .# .
#.. . #.. +


You could see Terence and an adder.

Vanquished Creatures
  2 worms (D:2)
  2 dart slugs (D:1)
  4 bats
  4 endoplasms (D:1)
  A giant cockroach (D:2)
  2 goblins (D:1)
  4 hobgoblins
  4 jackals (D:2)
  3 kobolds
  4 quokkas
  3 ball pythons (D:1)
  4 frilled lizards
  5 rats
42 creatures vanquished.

Notes
Turn   | Place    | Note
-------+----------+-------------------------------------------
     0 | D:1      | Nacht the Demonspawn Earth Elementalist began the quest for
                  | the Orb.
     0 | D:1      | Reached XP level 1. HP: 13/13 MP: 3/3
    60 | D:1      | Reached skill level 3 in Earth Magic
   138 | D:1      | Gained mutation: You are partially covered in icy blue
                  | scales. (AC +2) [demonic ancestry]
   138 | D:1      | Reached XP level 2. HP: 19/19 MP: 1/5
   380 | D:1      | Learned a level 2 spell: Passwall
   613 | D:1      | Gained mutation: You are partially covered in sharp spines.
                  | [demonic ancestry]
   613 | D:1      | Reached XP level 3. HP: 24/24 MP: 1/6
   852 | D:1      | Learned a level 3 spell: Stone Arrow
   926 | D:2      | Reached skill level 4 in Earth Magic
  1087 | D:2      | Noticed Terence
  1098 | D:2      | Reached skill level 1 in Conjurations
  1101 | D:2      | Killed from afar by Terence

Illustrated notes

Levels and vault maps discovered:
D:1:      dpeg_arrival_ternary, layout_rooms, kennysheep_another_room
D:2:      layout_basic, hellmonk_ecumenical_altar_prayer_group, uniq_terence

Skill      XL: |  1  2  3 |
---------------+----------+-----
Earth Magic    | 3 4 |  4.0
Conjurations   | 1 |  1.0
Dodging        | |  1.7
Stealth        | |  1.7
Spellcasting   | |  2.1
Transmutations | |  0.8

Action                     || total
---------------------------++-------
  Melee: Unarmed           ||    10
   Cast: Sandblast         ||    56
 Armour: Robe              ||    13
  Dodge: Dodged            ||    35

Table legend: (Time is in decaauts)
 A = Elapsed time spent in this place.
 B = Non-inter-level travel time spent in this place.
 C = Inter-level travel time spent in this place.
 D = Time resting spent in this place.
 E = Time spent auto-exploring this place.
 F = Levels seen in this place.
 G = Mean time per level.
                   A        B        C        D        E       F      G
               +--------+--------+--------+--------+--------+-----+--------+
         Total |   1128 |   1124 |      4 |      0 |    910 |   2 |  564.0 |
       Dungeon |   1128 |   1124 |      4 |      0 |    910 |   2 |  564.0 |
               +--------+--------+--------+--------+--------+-----+--------+

Top non-repeatable levels by time:
     D:1: 872 daAuts
     D:2: 256 daAuts
